 Dungeon Crawl Stone Soup version 0.31-a0-202-g547052bce9 (webtiles) character file.

Game seed: 13646386816701203352

982 qw the Skirmisher (level 7, -1/40 HPs)
             Began as a Deep Elf Hunter on June 26, 2023.
             Was an Initiate of Okawaru.
             Shot with an arrow by a centaur (5 damage)
             ... on level 6 of the Dungeon.
             The game lasted 00:01:43 (4125 turns).

qw the Skirmisher (Deep Elf Hunter)                 Turns: 4125, Time: 00:01:44

Health: -1/40      AC:  7    Str: 10    XL:     7   Next: 96%
Magic:  7/9        EV: 14    Int: 14    God:    Okawaru [......]
Gold:   176        SH:  0    Dex: 18    Spells: 6/6 levels left

rFire   + . .        Y - +1 shortbow
rCold   . . .        (shield currently unavailable)
rNeg    . . .        e - +1 ring mail
rPois   .            (no helmet)
rElec   .            (no cloak)
rCorr   .            (no gloves)
SInv    .            (no boots)
Will    .....        (no amulet)
Stlth   +++          g - ring of protection from fire
HPRegen 0.26/turn    l - +4 ring of slaying {mikee}
MPRegen 0.11/turn

%: no passive effects
@: heroic
A: no striking features
a: Renounce Religion


You were on level 6 of the Dungeon.
You worshipped Okawaru.
Okawaru was noncommittal.
You visited 2 branches of the dungeon, and saw 7 of its levels.
You also visited: Sewer.

You collected 400 gold pieces.
You spent 224 gold pieces at shops.


   Skills:
 + Level 2.8(7.8) Fighting
 - Level 12.0(17.0) Ranged Weapons
 - Level 1.3(6.3) Armour
 - Level 3.0(8.0) Dodging
 - Level 1.2(6.2) Stealth


You had 6 spell levels left.
You didn't know any spells.
Your spell library was empty.

Inventory:

Hand Weapons
 Y - a +1 shortbow (weapon)
Armour
 e - a +1 ring mail (worn)
 n - the +0 leather armour "Elah" {rPois Stlth+}
   (You bought it in a shop on level 6 of the Dungeon)

   rPois:     It protects you from poison.
   Stlth:     It makes you more stealthy.
 o - a +1 leather armour of fire resistance
Jewellery
 g - a ring of protection from fire (left hand)
 l - a +4 ring of slaying (right hand) {mikee}
 m - a ring of willpower
Scrolls
 f - a scroll of identify
Potions
 a - a potion of mutation
 b - a potion of resistance
 c - a potion of might
 d - a potion of cancellation
 h - a potion of curing
 i - a potion of haste
 j - a potion of degeneration {unknown}
 k - a potion of enlightenment {unknown}

Dungeon Overview and Level Annotations

Branches:
Dungeon (6/15)             Temple (1/1) D:5           Sewer (visited)

Altars:
Ashenzari
Cheibriados
Dithmenos
Elyvilon
Gozag
Hepliaklqana
Makhleb
Nemelex Xobeh
Okawaru
Qazlal
Ru
Sif Muna
Trog
Uskayaw
Vehumet
Wu Jian
Xom
Yredelemnul
Zin
The Shining One

Shops:
D:6 [


Message History

Enter note:
Enter note:
Enter note:
4067 ||| BUYING +0 leather armour "Elah" {rPois Stlth+} (224 gold).
n - the +0 leather armour "Elah" {rPois Stlth+} Thank you for shopping at Owneph's Armour Boutique!
4067 ||| SHOPLISTING +1 ring mail of Jigsaw {Will+} (302 gold, have 146).
You can access your shopping list by pressing '$'.
You now have 163 gold pieces (gained 17).
You now have 176 gold pieces (gained 13).
You hear the brisk hiss of a very distant avalanche of sand.
A centaur comes into view.
Enter note:
Enter note:
Enter note:
Enter note:
Enter note:
Enter note: You shoot an arrow.
The arrow closely misses the centaur.
The centaur shouts!
The centaur wields a +0 orcbow.
The centaur shoots an arrow.
The arrow closely misses you.
You shoot an arrow.
The arrow hits the centaur but does no damage.
The centaur shoots an arrow.
The arrow hits you!
You shoot an arrow. The arrow hits the centaur.
The centaur is lightly wounded.
The centaur shoots an arrow.
The arrow hits you!
4123 ||| INVOKING Heroism.
You gain the combat prowess of a mighty hero.
You can no longer gain great but temporary skills.
The centaur shoots an arrow.
The arrow hits you!
You shoot an arrow. The arrow hits the centaur!
The centaur is severely wounded.
The centaur shoots an arrow.
The arrow hits you.
You shoot an arrow.
The arrow hits the centaur but does no damage.
The centaur is severely wounded.
The centaur shoots an arrow.
The arrow hits you.
You die...

#............# #........
#.##########.#### #.#######
#.#.............#########.#
#.#.###.###.............#.# #.#.#
#.# #..##.###.......## #.#.#
#.###................###..
#.#.###.........#8....[.........
#..........................<....
#...###........8@..<.c##.######..
#...###.#.#...#.......###[...# .
#........###.8...\...8##.###.#
#..##.#.#.#...........#.# #.#
#..............>...8##:# #.#
##.##.#.#...#.....####.# #o#
#.###...#.......8.....# #.#
........#.###..## ######.#
.....##..### #%.# ##...#.#


You could see a centaur.

Vanquished Creatures
  A water moccasin (Sewer)
  A kobold brigand (D:6)
  3 scorpions
  A howler monkey (D:6)
  2 jellies (D:5)
  4 hounds
  An orc priest (D:5)
  4 iguanas
  Jessica (D:2)
  3 orc wizards
  3 gnolls (D:4)
  4 adders
  A white imp (D:5)
  An ufetubus (D:5)
  4 worms
  2 dart slugs (D:3)
  12 orcs
  5 ball pythons
  4 endoplasms
  3 giant cockroaches
  5 goblins
  7 hobgoblins
  3 jackals (D:4)
  3 quokkas
  9 bats
  2 frilled lizards (D:3)
  7 kobolds
  2 rats
98 creatures vanquished.

Notes
Turn   | Place    | Note
-------+----------+-------------------------------------------
     0 | D:1      | qw the Deep Elf Hunter began the quest for the Orb.
     0 | D:1      | Reached XP level 1. HP: 12/12 MP: 3/3
     0 | D:1      | 0 ||| qw: Version: 0.3-a-22-g0ed2b0b
     0 | D:1      | 0 ||| qw: Game counter: 5751
     0 | D:1      | 0 ||| qw: Melee chars always use a shield: true
     0 | D:1      | 0 ||| qw: God list: Okawaru
     0 | D:1      | 0 ||| qw: Allow faded altars: false
     0 | D:1      | 0 ||| qw: Do Orc after clearing Dungeon:15 true
     0 | D:1      | 0 ||| qw: Do second Lair branch before Depths: true
     0 | D:1      | 0 ||| qw: Lair rune preference: random
     0 | D:1      | 0 ||| qw: Goals: Normal
     0 | D:1      | 0 ||| PLANNING D:1-11
   598 | D:1      | 598 ||| READING scroll labelled GUESE DIESIAJA.
   599 | D:1      | 599 ||| READING 2 scrolls labelled TIENWI PEUFIDE.
   600 | D:1      | 600 ||| DROPPING scroll of butterflies.
   601 | D:1      | 601 ||| DROPPING scroll of vulnerability.
   630 | D:2      | 630 ||| STAIRDANCE
   634 | D:1      | Reached skill level 6 in Ranged Weapons
   634 | D:1      | Reached XP level 2. HP: 10/16 MP: 4/4
   775 | D:2      | Noticed Jessica
   782 | D:2      | Killed Jessica
   783 | D:2      | Reached XP level 3. HP: 14/20 MP: 5/5
   856 | D:2      | Reached skill level 7 in Ranged Weapons
  1330 | D:2      | 1330 ||| UPGRADING to ring of protection from fire.
  1331 | D:2      | 1331 ||| READING scroll labelled GYWIXABLOH.
  1332 | D:2      | 1332 ||| READING scroll labelled RIS DEACUHERPH.
  1333 | D:2      | 1333 ||| READING scroll labelled SUHUTOTANI.
  1334 | D:2      | 1334 ||| READING scroll labelled QOWNAU EPLULIKH.
  1469 | D:3      | Reached XP level 4. HP: 24/25 MP: 6/6
  1542 | D:3      | 1542 ||| FLEEEEING.
  1543 | D:3      | 1543 ||| FLEEEEING.
  1546 | D:3      | 1546 ||| FLEEEEING.
  1552 | D:3      | 1552 ||| FLEEEEING.
  1553 | D:3      | 1553 ||| FLEEEEING.
  1596 | D:3      | Reached skill level 8 in Ranged Weapons
  1831 | D:3      | Found a faded altar of an unknown god.
  2064 | D:3      | 2064 ||| UPGRADING to +4 ring of slaying {mikee}.
  2065 | D:3      | 2065 ||| READING scroll labelled RYELAMOCHE.
  2066 | D:3      | 2066 ||| READING scroll labelled HIMEXZ VIBUEHO.
  2067 | D:3      | 2067 ||| READING scroll labelled WIB GEANUAWIS.
  2068 | D:3      | 2068 ||| READING 3 scrolls of identify.
  2068 | D:3      | 2068 ||| IDENTIFYING grey potion
  2069 | D:3      | 2069 ||| READING 2 scrolls of identify.
  2069 | D:3      | 2069 ||| IDENTIFYING red potion
  2223 | D:4      | Reached XP level 5. HP: 29/29 MP: 7/7
  2241 | D:4      | 2241 ||| FLEEEEING.
  2242 | D:4      | 2242 ||| FLEEEEING.
  2247 | D:4      | 2247 ||| FLEEEEING.
  2248 | D:4      | 2248 ||| FLEEEEING.
  2249 | D:4      | 2249 ||| FLEEEEING.
  2260 | D:4      | 2260 ||| FLEEEEING.
  2293 | D:4      | Reached skill level 9 in Ranged Weapons
  2303 | D:4      | 2303 ||| FLEEEEING.
  2304 | D:4      | 2304 ||| FLEEEEING.
  2305 | D:4      | 2305 ||| FLEEEEING.
  2306 | D:4      | 2306 ||| FLEEEEING.
  2307 | D:4      | 2307 ||| FLEEEEING.
  2308 | D:4      | 2308 ||| FLEEEEING.
  2309 | D:4      | 2309 ||| FLEEEEING.
  2313 | D:4      | Reached skill level 3 in Dodging
  2367 | D:4      | Reached XP level 6. HP: 28/35 MP: 8/8
  2784 | D:4      | 2784 ||| UPGRADING to +0 ring mail.
  2794 | D:4      | 2794 ||| DROPPING +0 leather armour.
  2795 | D:4      | 2795 ||| READING scroll of enchant armour.
  2795 | D:4      | 2795 ||| ENCHANTING +0 ring mail.
  2796 | D:4      | 2796 ||| DRINKING 2 blue potions.
  2797 | D:4      | 2797 ||| READING 2 scrolls of identify.
  2797 | D:4      | 2797 ||| IDENTIFYING smoky black potion
  2850 | D:5      | Entered Level 5 of the Dungeon
  2851 | D:5      | 2851 ||| PLANNING SEWER
  2852 | D:5      | Reached skill level 10 in Ranged Weapons
  2989 | D:5      | Reached XP level 7. HP: 40/40 MP: 9/9
  3037 | D:5      | Found a glowing drain.
  3038 | D:5      | 3038 ||| READING scroll labelled ALOUSK ZARIS.
  3039 | D:5      | 3039 ||| READING 2 scrolls of identify.
  3039 | D:5      | 3039 ||| IDENTIFYING brown potion
  3048 | Sewer    | Entered a sewer
  3081 | Sewer    | Reached skill level 11 in Ranged Weapons
  3114 | Sewer    | 3114 ||| READING scroll labelled RIENAKUBOA.
  3123 | D:5      | 3123 ||| PLANNING D:1-11
  3209 | D:5      | Found a staircase to the Ecumenical Temple.
  3210 | D:5      | 3210 ||| PLANNING TEMPLE
  3215 | Temple   | Entered the Ecumenical Temple
  3301 | Temple   | 3301 ||| PLANNING OKAWARU WORSHIP
  3415 | Temple   | Became a worshipper of Warmaster Okawaru
  3416 | Temple   | 3416 ||| PLANNING D:1-11
  3722 | D:5      | 3722 ||| DROPPING ring of magical power.
  3723 | D:5      | 3723 ||| READING scroll labelled GYUDGHO RIAMAHYT.
  3724 | D:5      | 3724 ||| DRINKING 2 smoky brown potions.
  3725 | D:5      | 3725 ||| DROPPING potion of brilliance.
  3746 | D:6      | 3746 ||| PLANNING OSSUARY
  3749 | D:6      | Reached skill level 12 in Ranged Weapons
  3779 | D:6      | 3779 ||| FLEEEEING.
  3781 | D:6      | 3781 ||| FLEEEEING.
  3784 | D:6      | 3784 ||| FLEEEEING.
  3785 | D:6      | 3785 ||| FLEEEEING.
  3786 | D:6      | 3786 ||| FLEEEEING.
  3787 | D:6      | 3787 ||| FLEEEEING.
  3788 | D:6      | 3788 ||| FLEEEEING.
  3790 | D:6      | 3790 ||| FLEEEEING.
  3791 | D:6      | 3791 ||| FLEEEEING.
  3792 | D:6      | 3792 ||| FLEEEEING.
  3793 | D:6      | 3793 ||| FLEEEEING.
  3794 | D:6      | 3794 ||| FLEEEEING.
  3795 | D:6      | 3795 ||| STAIRDANCE
  3844 | D:6      | Reached skill level 1 in Armour
  3971 | D:6      | Reached * piety under Okawaru
  4054 | D:6      | Found Owneph's Armour Boutique.
  4067 | D:6      | 4067 ||| BUYING +0 leather armour "Elah" {rPois Stlth+}
                  | (224 gold).
  4067 | D:6      | Bought the +0 leather armour "Elah" {rPois Stlth+} for 224
                  | gold pieces
  4067 | D:6      | 4067 ||| SHOPLISTING +1 ring mail of Jigsaw {Will+} (302
                  | gold, have 146).
  4123 | D:6      | 4123 ||| INVOKING Heroism.
  4123 | D:6      | HP: 10/40 [centaur/arrow (12)]
  4124 | D:6      | HP: 4/40 [centaur/arrow (6)]
  4125 | D:6      | Shot with an arrow by a centaur

Levels and vault maps discovered:
D:1:      lemuel_arrival_cross, layout_basic, serial_glass, glass_columns_a,
          glass_columns_a
D:2:      layout_basic, kennysheep_doodads, grunt_decor_mini_mirrors,
          uniq_jessica
D:3:      layout_basic, shapermc_ecumenical_altar_flowoftime
D:4:      layout_basic
D:5:      layout_basic, minmay_temple_entry_nine_rooms, portal_sewer_entry_d,
          hangedman_decor_riveting
D:6:      layout_loops_ring, serial_shops, nicolae_stop_n_shop_1,
          enter_ossuary_2
Temple:   nicolae_temple_slightly_damp_pantheon

Skill      XL: |  1  2  3  4  5  6  7 |
---------------+----------------------+-----
Ranged Weapons | 6 7 8 9 10 12 | 12.0
Dodging        | 3 |  3.0
Fighting       | 2 |  2.8
Armour         | 1 |  1.3
Stealth        | |  1.2

Action                     |  1- 3 |  4- 6 |  7- 9 || total
---------------------------+-------+-------+-------++-------
   Fire: Shortbow          |    65 |   163 |    84 ||   312
 Invoke: Heroism           |       |       |     1 ||     1
    Use: Scroll            |     6 |     7 |     4 ||    17
         Potion            |       |     1 |     1 ||     2
 Armour: Leather armour    |     3 |     3 |       ||     6
         Ring mail         |       |     1 |     8 ||     9
  Dodge: Dodged            |    15 |    16 |    11 ||    42

Table legend:
 A = Non-vault XP
 B = Vault XP
 C = Vault XP percentage of total XP
 D = Non-vault monster count
 E = Vault monster count
 F = Vault count percentage of total count
                 A         B        C        D         E       F
            +---------+---------+-------+---------+---------+-------
      Total |    1195 |     209 |  14.9 |      89 |       9 |   9.2
            +---------+---------+-------+---------+---------+-------
        D:1 |      15 |       0 |   0.0 |       7 |       0 |   0.0
        D:2 |      24 |      37 |  60.7 |       7 |       1 |  12.5
        D:3 |     106 |       0 |   0.0 |      21 |       0 |   0.0
        D:4 |     367 |       0 |   0.0 |      29 |       0 |   0.0
        D:5 |     407 |      13 |   3.1 |      15 |       1 |   6.2
        D:6 |     276 |       0 |   0.0 |      10 |       0 |   0.0
      Sewer |       0 |     159 | 100.0 |       0 |       7 | 100.0
            +---------+---------+-------+---------+---------+-------
